[Event "Titled Tuesday Blitz July 18 Early 2023"]
[White "Suleymanli, Suleyman"]
[Black "Elsa167"]
[WhiteFideId "13416375"]
[WhiteElo "2632"]
[BlackElo "2801"]
[Result "0-1"]
[Round "5"]
[TimeControl "180+2"]
[Date "2023.07.18"]
[WhiteClock "0:01:55"]
[BlackClock "0:01:00"]
[Board "33"]

1. Nf3 d5 2. g3 Nf6 3. Bg2 e6 4. O-O Be7 5. d4 O-O 6. c4 a5 7. cxd5 exd5 8. Nc3 c6 9. Bf4 Bf5 10. Ne5 Nbd7 11. Re1 Bb4 12. a3 Bxc3 13. bxc3 a4 14. f3 Nxe5 15. Bxe5 Nd7 16. Bf4 b5 17. e4 Be6 18. Qc2 Nb6 19. e5 Nc4 20. Bd2 Qd7 21. Bf1 Bf5 22. Bd3 Bxd3 23. Qxd3 Rae8 24. f4 f5 25. Re2 Qe6 26. Bc1 h6 27. Raa2 Kh8 28. h4 Qg6 29. Qf3 h5 30. Kf2 Qg4 31. Qxg4 hxg4 32. Ke1 Kg8 33. Kd1 Kf7 34. Kc2 Ke6 35. Kb1 Rc8 36. Rac2 Rc7 37. Be3 Nxa3+ 38. Ka2 Nxc2 39. Rxc2 Rb8 40. Rb2 a3 41. Kxa3 Ra8+ 42. Kb4 Kd7 43. Kc5 Rb7 44. e6+ Kc7 45. Bc1 b4 46. Rxb4 Ra5+ 0-1


[Site "https://www.chess.com"]

[Event "Titled Tuesday Blitz July 18 Early 2023"]
[White "Stribuk, Artiom"]
[Black "Onufrienko, Vladislav"]
[WhiteFideId "13515659"]
[BlackFideId "13804332"]
[WhiteElo "2781"]
[BlackElo "2613"]
[Result "0-1"]
[Round "5"]
[TimeControl "180+2"]
[Date "2023.07.18"]
[WhiteClock "0:00:00"]
[BlackClock "0:00:06"]
[Board "34"]

1. d4 d5 2. c4 c6 3. Nf3 e6 4. g3 dxc4 5. Bg2 b5 6. O-O Bb7 7. a4 Nd7 8. b3 cxb3 9. Qxb3 a6 10. Nc3 Ngf6 11. Ba3 Bxa3 12. Qxa3 Qe7 13. Qb2 O-O 14. e3 Rab8 15. Rfc1 b4 16. Ne2 a5 17. Nd2 c5 18. Bxb7 Rxb7 19. Nb3 Rc7 20. Nxa5 Ra8 21. Nc4 Ne4 22. f3 Ng5 23. Kg2 cxd4 24. Nxd4 Rac8 25. Na5 e5 26. Nf5 Qe6 27. g4 h5 28. h4 Nxf3 29. Kxf3 hxg4+ 30. Kxg4 Qg6+ 31. Kh3 Qxf5+ 32. Kg3 Nf6 33. Rxc7 Ne4+ 34. Kh2 Rxc7 35. Rg1 Nf6 36. Rg2 Rc3 37. Qxb4 Rxe3 38. Nc6 Qh3+ 39. Kg1 Rg3 0-1


[Site "https://www.chess.com"]

[Event "Titled Tuesday Blitz July 18 Early 2023"]
[White "Fiorito, Francisco"]
[Black "Wagner, Dennis"]
[WhiteFideId "180165"]
[BlackFideId "24650684"]
[WhiteElo "2612"]
[BlackElo "2776"]
[Result "0-1"]
[Round "5"]
[TimeControl "180+2"]
[Date "2023.07.18"]
[WhiteClock "0:00:08"]
[BlackClock "0:00:22"]
[Board "35"]

1. d4 Nf6 2. Nc3 d5 3. Bf4 c5 4. e3 cxd4 5. exd4 Bg4 6. f3 Bd7 7. g4 e6 8. Qd2 Be7 9. h4 a6 10. h5 h6 11. O-O-O b5 12. Bh3 b4 13. Nb1 a5 14. Ne2 a4 15. Rdg1 Nc6 16. g5 hxg5 17. Bxg5 Rxh5 18. Nf4 Rxg5 19. Rxg5 Ne4 20. fxe4 Bxg5 21. exd5 Qf6 22. Rf1 Nxd4 23. Kd1 e5 24. Bxd7+ Kxd7 25. Qxb4 Ra7 26. Nc3 Qf5 27. Rf2 Bxf4 28. Nxa4 Qg4+ 29. Ke1 Qg1+ 30. Rf1 Qe3+ 31. Kd1 Qc1# 0-1


[Site "https://www.chess.com"]

[Event "Titled Tuesday Blitz July 18 Early 2023"]
[White "Klimkowski, Jan"]
[Black "Shukhman, Anna"]
[WhiteFideId "21856222"]
[BlackFideId "54180058"]
[WhiteElo "2775"]
[BlackElo "2611"]
[Result "1-0"]
[Round "5"]
[TimeControl "180+2"]
[Date "2023.07.18"]
[WhiteClock "0:00:47"]
[BlackClock "0:00:27"]
[Board "36"]

1. e4 c5 2. Nf3 a6 3. c4 Nc6 4. d4 cxd4 5. Nxd4 Nf6 6. Nc3 e5 7. Nf5 d5 8. Bg5 Bxf5 9. exf5 d4 10. Nd5 Be7 11. Bxf6 Bxf6 12. Bd3 Ne7 13. Qa4+ b5 14. Nxf6+ gxf6 15. cxb5 Qd5 16. bxa6+ Kf8 17. f3 Ra7 18. O-O h5 19. h4 Kg7 20. Rac1 Rb8 21. b4 Nc8 22. Be4 Nb6 23. Bxd5 Nxa4 24. Bb7 Nc3 25. Rxc3 dxc3 26. Rc1 Rbxb7 27. axb7 Rxb7 28. a3 Rc7 29. b5 c2 30. b6 Rb7 31. Rxc2 Rxb6 32. Ra2 Rb5 33. a4 Ra5 34. g4 Kf8 35. Kf2 Ke7 36. Ke3 Kd6 37. Ra1 Kc5 38. gxh5 Ra8 39. a5 Ra6 40. h6 Kb5 41. h7 Ra8 42. a6 Kb6 43. a7 Kb7 44. h8=Q Rxh8 45. a8=Q+ Rxa8 46. Rxa8 Kxa8 47. h5 Kb7 48. h6 Kc6 49. h7 e4 50. h8=Q exf3 51. Kxf3 Kd6 52. Qxf6+ Kd5 53. Qxf7+ Ke5 54. f6 Kd4 55. Qg7 Ke5 56. f7+ Kd5 57. f8=Q Kc4 58. Qge7 Kd3 59. Qfd8+ Kc2 60. Qec7+ 1-0


[Site "https://www.chess.com"]

[Event "Titled Tuesday Blitz July 18 Early 2023"]
[White "Krzyzanowski, Marcin"]
[Black "Sanchez Alvares, Kelvin Antonio"]
[WhiteFideId "1132199"]
[BlackFideId "3906680"]
[WhiteElo "2773"]
[BlackElo "2610"]
[Result "1-0"]
[Round "5"]
[TimeControl "180+2"]
[Date "2023.07.18"]
[WhiteClock "0:01:19"]
[BlackClock "0:00:39"]
[Board "37"]

1. e4 e5 2. Nf3 Nc6 3. Bb5 a6 4. Ba4 Nf6 5. Nc3 b5 6. Bb3 Be7 7. a4 b4 8. Nd5 O-O 9. d3 h6 10. h4 d6 11. Nxf6+ Bxf6 12. Bd5 Bd7 13. g4 Be7 14. g5 g6 15. h5 hxg5 16. hxg6 Kg7 17. Rh7+ Kxg6 18. Nxg5 1-0


[Site "https://www.chess.com"]

[Event "Titled Tuesday Blitz July 18 Early 2023"]
[White "Mahdavi, Reza"]
[Black "Leon Oquendo, Jorge"]
[WhiteFideId "12595926"]
[BlackFideId "3514803"]
[WhiteElo "2772"]
[BlackElo "2608"]
[Result "1-0"]
[Round "5"]
[TimeControl "180+2"]
[Date "2023.07.18"]
[WhiteClock "0:01:12"]
[BlackClock "0:00:12"]
[Board "38"]

1. e4 c5 2. Nf3 d6 3. d4 cxd4 4. Qxd4 Nc6 5. Bb5 Bd7 6. Bxc6 Bxc6 7. Nc3 Nf6 8. Bg5 e6 9. O-O-O Be7 10. Qd3 O-O 11. Nd4 Rc8 12. Kb1 Qa5 13. h4 a6 14. f3 b5 15. g4 b4 16. Nce2 Bb5 17. Qd2 Bxe2 18. Qxe2 Rc7 19. Nb3 Qb5 20. Qxb5 axb5 21. Bxf6 gxf6 22. Rd4 Rc4 23. Rhd1 Rfc8 24. R1d2 f5 25. exf5 d5 26. fxe6 fxe6 27. g5 Kf7 28. Na5 Rxd4 29. Rxd4 Bc5 30. Rf4+ Ke7 31. Nb3 Bd6 32. Rf6 Be5 33. Rh6 Bg7 34. Rxh7 Kf7 35. h5 Kg8 36. g6 Rf8 37. h6 Be5 38. Rb7 Rxf3 39. Re7 Rf1+ 40. Nc1 Rf6 41. h7+ 1-0


[Site "https://www.chess.com"]

[Event "Titled Tuesday Blitz July 18 Early 2023"]
[White "Zaragatski, Ilja"]
[Black "djokovic74"]
[WhiteFideId "4655192"]
[WhiteElo "2596"]
[BlackElo "2763"]
[Result "1-0"]
[Round "5"]
[TimeControl "180+2"]
[Date "2023.07.18"]
[WhiteClock "0:00:02"]
[BlackClock "0:00:00"]
[Board "39"]

1. c4 e6 2. g3 Nf6 3. Bg2 d5 4. Nf3 Be7 5. O-O O-O 6. b3 d4 7. e3 c5 8. exd4 cxd4 9. Ne5 Nbd7 10. Re1 Nxe5 11. Rxe5 Bd6 12. Re1 e5 13. d3 Qc7 14. Ba3 Bxa3 15. Nxa3 a6 16. Nc2 Bf5 17. Nb4 a5 18. Nd5 Nxd5 19. Bxd5 Ra6 20. Qe2 Re8 21. f4 Kh8 22. fxe5 f6 23. Qf3 Bg6 24. e6 Qc5 25. Rad1 b5 26. cxb5 Rd6 27. Bc4 Bh5 28. g4 Bg6 29. Rd2 h6 30. Rde2 Re7 31. h4 h5 32. g5 f5 33. Re5 Qb4 34. R1e2 Rd8 35. Kg2 Qc3 36. b6 f4 37. b7 Qb4 38. Rb5 Qd6 39. Qd5 f3+ 40. Kxf3 Rf8+ 41. Kg2 Qf4 42. Qe5 Qg4+ 43. Kh2 Qxh4+ 44. Kg2 Qg4+ 45. Kh2 Qh4+ 46. Kg1 Qg4+ 47. Rg2 Qd1+ 48. Kh2 Rf1 49. b8=Q+ Kh7 50. Qe2 Rh1+ 51. Kg3 h4+ 52. Kg4 Qc1 53. Qf4 Bh5+ 54. Kf5 g6+ 55. Ke5 Re1 56. Qxc1 Rxc1 57. Qe4 1-0


[Site "https://www.chess.com"]

[Event "Titled Tuesday Blitz July 18 Early 2023"]
[White "Dzhumagaliev, Yan"]
[Black "Pham, Khoi"]
[WhiteFideId "24100110"]
[BlackFideId "1054988"]
[WhiteElo "2763"]
[BlackElo "2595"]
[Result "0-1"]
[Round "5"]
[TimeControl "180+2"]
[Date "2023.07.18"]
[WhiteClock "0:00:06"]
[BlackClock "0:01:33"]
[Board "40"]

1. Nf3 Nf6 2. d4 g6 3. g3 Bg7 4. Bg2 O-O 5. O-O d6 6. a4 Bf5 7. a5 Na6 8. c4 c6 9. Nc3 Ne4 10. Qb3 Qc7 11. Nh4 Nxc3 12. bxc3 Bd7 13. Nf3 Rfe8 14. e4 e5 15. Re1 Bg4 16. Bb2 Rab8 17. h3 Bxf3 18. Bxf3 b5 19. axb6 Rxb6 20. Qc2 Reb8 21. Qd3 exd4 22. cxd4 Rxb2 23. Rxa6 R8b3 24. Qd1 Qb7 25. Ra1 Qb4 26. e5 Rd2 27. Qc1 Rxf3 28. exd6 Rfxf2 29. d7 Rg2+ 30. Kh1 Rh2+ 31. Kg1 Bxd4+ 32. Kf1 Rdf2+ 33. Kg1 Rfg2+ 34. Kf1 Rg1# 0-1


[Site "https://www.chess.com"]

[Event "Titled Tuesday Blitz July 18 Early 2023"]
[White "Krstulovic, Alex"]
[Black "Skvortsov, Andrei"]
[WhiteFideId "760056"]
[BlackFideId "24108600"]
[WhiteElo "2594"]
[BlackElo "2758"]
[Result "0-1"]
[Round "5"]
[TimeControl "180+2"]
[Date "2023.07.18"]
[WhiteClock "0:00:07"]
[BlackClock "0:00:43"]
[Board "41"]

1. d4 g6 2. c4 Bg7 3. e4 e6 4. h4 d5 5. cxd5 exd5 6. e5 c5 7. Bg5 Ne7 8. Nf3 Nbc6 9. h5 h6 10. hxg6 fxg6 11. Be3 cxd4 12. Nxd4 Nxe5 13. Nc3 N7c6 14. Bb5 O-O 15. Qc2 Nxd4 16. Bxd4 Qg5 17. Be3 Qxg2 18. O-O-O Bf5 19. Qb3 Be6 20. Rhg1 Qf3 21. Rg3 Qf7 22. Bd4 Rfd8 23. Kb1 Bf5+ 24. Ka1 a6 25. Be2 b5 26. f4 Nc4 27. Bxg7 Kxg7 28. Bf3 d4 29. Bxa8 dxc3 30. Rxd8 cxb2+ 31. Qxb2+ Nxb2 32. Kxb2 Qf6+ 0-1


[Site "https://www.chess.com"]

[Event "Titled Tuesday Blitz July 18 Early 2023"]
[White "Morefield, Jason"]
[Black "Zavgorodniy, Sergiy"]
[WhiteFideId "30920825"]
[BlackFideId "14110148"]
[WhiteElo "2753"]
[BlackElo "2584"]
[Result "1-0"]
[Round "5"]
[TimeControl "180+2"]
[Date "2023.07.18"]
[WhiteClock "0:00:05"]
[BlackClock "0:00:05"]
[Board "42"]

1. e4 c6 2. Nf3 d5 3. Nc3 Bg4 4. h3 Bxf3 5. Qxf3 dxe4 6. Nxe4 Nd7 7. d4 Ngf6 8. Bc4 e6 9. O-O Nxe4 10. Qxe4 Nf6 11. Qd3 Be7 12. Rd1 O-O 13. a4 Nd5 14. Qg3 a5 15. c3 g6 16. Bh6 Re8 17. Re1 Bf8 18. Bd2 Bg7 19. Re2 Qb6 20. Bg5 h6 21. Bc1 Rad8 22. Qf3 Rd7 23. h4 h5 24. Bg5 Kh7 25. Bd3 Kg8 26. Rae1 Qc7 27. g4 hxg4 28. Qxg4 Nf6 29. Bxf6 Bxf6 30. h5 g5 31. Re4 Kg7 32. f4 Kh6 33. fxg5+ Bxg5 34. Re5 Rg8 35. Rxe6+ fxe6 36. Rxe6+ Kg7 37. Qxg5+ Kf8 38. Bg6 Rf7 39. Rf6 Qe7 40. Qh6+ Ke8 41. Rf1 Kd8 42. Rxf7 Qxf7 43. Qg5+ Qe7 44. Qg3 Kc8 45. Bf5+ Kd8 46. Qxg8+ Kc7 47. Qh7 1-0


[Site "https://www.chess.com"]

[Event "Titled Tuesday Blitz July 18 Early 2023"]
[White "Pinero Rodriguez, Carlos Jose"]
[Black "Mikhailovsky, Vladimir"]
[WhiteFideId "3901726"]
[BlackFideId "34105414"]
[WhiteElo "2581"]
[BlackElo "2749"]
[Result "1-0"]
[Round "5"]
[TimeControl "180+2"]
[Date "2023.07.18"]
[WhiteClock "0:00:34"]
[BlackClock "0:00:00"]
[Board "43"]

1. b3 d5 2. Bb2 Bf5 3. Nf3 e6 4. e3 Nf6 5. d4 Nbd7 6. Bd3 Bd6 7. Nbd2 O-O 8. O-O Qe7 9. a3 c6 10. Ne5 Ne4 11. Nxd7 Qxd7 12. f4 Nxd2 13. Qxd2 Rfe8 14. c4 Bxd3 15. Qxd3 f5 16. c5 Be7 17. b4 Kh8 18. a4 g5 19. g3 Rg8 20. Kh1 Rg6 21. b5 Rag8 22. Bc3 Rh6 23. Rg1 Qe8 24. Qe2 Rh3 25. Be1 Rg6 26. Rg2 Bf6 27. Bf2 g4 28. Kg1 h5 29. Rb1 h4 30. bxc6 bxc6 31. Qa6 Rg7 32. Qe2 Rh7 33. Qb2 hxg3 34. Bxg3 Kg7 35. Qb8 Qxb8 36. Rxb8 Kg6 37. a5 Bh4 38. Bxh4 R7xh4 39. Rb3 Rf3 40. Rg3 Rxg3+ 41. hxg3 Rh7 42. a6 Re7 43. Rb8 Kf7 44. Rc8 Kf6 45. Rxc6 Re8 46. Rc7 Rb8 47. Rb7 1-0


[Site "https://www.chess.com"]

[Event "Titled Tuesday Blitz July 18 Early 2023"]
[White "Geivondian, Arman"]
[Black "Goltsev, Dmitry"]
[WhiteFideId "24102032"]
[BlackFideId "24176710"]
[WhiteElo "2573"]
[BlackElo "2747"]
[Result "1-0"]
[Round "5"]
[TimeControl "180+2"]
[Date "2023.07.18"]
[WhiteClock "0:01:17"]
[BlackClock "0:00:07"]
[Board "44"]

1. e4 e6 2. Nf3 d5 3. d3 dxe4 4. dxe4 Qxd1+ 5. Kxd1 Bc5 6. Ke1 Nc6 7. c3 Nf6 8. Bd3 a6 9. Ke2 e5 10. Be3 Bxe3 11. Kxe3 h6 12. Nbd2 Be6 13. Nc4 Nd7 14. a4 O-O-O 15. b4 Rhe8 16. Rad1 f6 17. Rd2 Nf8 18. Nb2 g5 19. h3 Ng6 20. Rhd1 h5 21. Bf1 Rxd2 22. Rxd2 g4 23. hxg4 hxg4 24. Ne1 Rh8 25. g3 Rh1 26. Ke2 Nb8 27. Ng2 Nd7 28. Ne3 Nb6 29. a5 Nd7 30. Nd3 c6 31. Kd1 Ngf8 32. Kc2 Nh7 33. Be2 Ng5 34. Bxg4 Bxg4 35. Nxg4 Nxe4 36. Re2 Nd6 37. Nc1 c5 38. Nb3 cxb4 39. cxb4 e4 40. Nd4 f5 41. Ne3 Rh5 42. Rd2 Ne5 43. Kc3 Kc7 44. Ne6+ Kc6 45. Nd4+ Kc7 46. Nd5+ Kc8 47. Kb3 Nec4 48. Rc2 Rh2 49. Nb6+ Kd8 50. Nxc4 Nxc4 51. Kxc4 e3 52. fxe3 Rh3 53. Nxf5 Rh2 54. Rxh2 Kc7 55. Rh6 b5+ 56. axb6+ Kd7 57. Kd5 a5 58. Rh7+ Kc8 59. Kc6 axb4 60. Rh8# 1-0


[Site "https://www.chess.com"]

[Event "Titled Tuesday Blitz July 18 Early 2023"]
[White "realmadridfc123"]
[Black "Guliev, Logman"]
[BlackFideId "13400061"]
[WhiteElo "2743"]
[BlackElo "2564"]
[Result "1-0"]
[Round "5"]
[TimeControl "180+2"]
[Date "2023.07.18"]
[WhiteClock "0:00:39"]
[BlackClock "0:00:00"]
[Board "45"]

1. c4 e6 2. Nf3 d5 3. d4 Nf6 4. Qb3 Be7 5. Nc3 O-O 6. Bg5 h6 7. Bxf6 Bxf6 8. cxd5 Na6 9. dxe6 Bxe6 10. Qxb7 Bc4 11. Qc6 Nb4 12. Qa4 Rb8 13. e3 Bxf1 14. Kxf1 c5 15. Rd1 c4 16. Nd2 Qc7 17. Nb5 Qe7 18. Nxc4 Nd5 19. Nbd6 a6 20. e4 Nf4 21. e5 Bg5 22. h4 Bxh4 23. g3 Bxg3 24. fxg3 Nd5 25. Kg2 Rb4 26. Qa3 Qg5 27. Qa5 Rfb8 28. Qxd5 Rxb2+ 29. Nxb2 Rxb2+ 30. Kf3 1-0


[Site "https://www.chess.com"]

[Event "Titled Tuesday Blitz July 18 Early 2023"]
[White "Dehtiarov, Roman"]
[Black "Palencia Morales, Wilson Guillermo"]
[WhiteFideId "14186640"]
[BlackFideId "4401859"]
[WhiteElo "2737"]
[BlackElo "2560"]
[Result "1-0"]
[Round "5"]
[TimeControl "180+2"]
[Date "2023.07.18"]
[WhiteClock "0:00:04"]
[BlackClock "0:00:00"]
[Board "46"]

1. c4 c5 2. g3 Nc6 3. Bg2 Nf6 4. Nc3 e6 5. Nf3 Be7 6. d4 cxd4 7. Nxd4 O-O 8. O-O d5 9. cxd5 exd5 10. Bg5 Be6 11. Nxe6 fxe6 12. Qd2 h6 13. Bxf6 Bxf6 14. Rad1 Qb6 15. e4 dxe4 16. Nxe4 Bd4 17. Qe2 e5 18. Nd6 Ne7 19. Nc4 Qf6 20. Bxb7 Rab8 21. Be4 Nf5 22. Bxf5 Qxf5 23. Rde1 Rbe8 24. b3 h5 25. Nd6 Qh3 26. Nxe8 Rxe8 27. Qf3 Rf8 28. Qd5+ Kh7 29. Qg2 Qg4 30. Qe4+ Kh6 31. Qxg4 hxg4 32. Re4 Kg5 33. Rxd4 exd4 34. Rd1 Rd8 35. f3 Kf5 36. Kf2 g5 37. Rd3 gxf3 38. Kxf3 g4+ 39. Kf2 Ke4 40. Rd1 d3 41. Re1+ Kd4 42. Rc1 d2 43. Rd1 Kd3 44. h3 Rf8+ 45. Kg2 Ke2 46. Rh1 d1=Q 47. Rxd1 Kxd1 48. hxg4 Ke2 49. g5 Rg8 50. g4 Rxg5 51. Kg3 Ke3 52. b4 Ke4 53. a4 a6 54. Kh4 1-0


[Site "https://www.chess.com"]

[Event "Titled Tuesday Blitz July 18 Early 2023"]
[White "Trifan, Andrei Ioan"]
[Black "Preotu, Razvan"]
[WhiteFideId "12967068"]
[BlackFideId "2613280"]
[WhiteElo "2546"]
[BlackElo "2736"]
[Result "0-1"]
[Round "5"]
[TimeControl "180+2"]
[Date "2023.07.18"]
[WhiteClock "0:01:35"]
[BlackClock "0:01:47"]
[Board "47"]

1. d4 Nf6 2. Nf3 g6 3. c4 Bg7 4. e3 O-O 5. Be2 c5 6. O-O cxd4 7. Nxd4 Nc6 8. b3 Nxd4 9. exd4 d5 10. c5 b6 11. Ba3 Ne4 12. cxb6 Qxb6 13. Bb2 a5 14. Nc3 Qxd4 15. Nxe4 Qxb2 16. Nc5 Qxa1 17. Qxd5 Qxa2 0-1


[Site "https://www.chess.com"]

[Event "Titled Tuesday Blitz July 18 Early 2023"]
[White "Mogirzan, Matei-Valeriu"]
[Black "Suyarov, Mukhammadzokhid"]
[WhiteFideId "1257455"]
[BlackFideId "14210495"]
[WhiteElo "2558"]
[BlackElo "2734"]
[Result "1-0"]
[Round "5"]
[TimeControl "180+2"]
[Date "2023.07.18"]
[WhiteClock "0:00:22"]
[BlackClock "0:01:34"]
[Board "48"]

1. e4 e6 2. d4 d5 3. Nd2 h6 4. c4 dxc4 5. Ngf3 Nf6 6. Bxc4 Nc6 7. e5 Nd5 8. a3 Nb6 9. Bd3 Nxd4 10. Nxd4 Qxd4 11. Nf3 Qd8 12. O-O Bd7 13. Qe2 Bc6 14. b4 Bd5 15. Bf4 Ke7 16. Rac1 c6 17. b5 Rc8 18. bxc6 bxc6 19. Ba6 Rc7 20. Be3 Ke8 21. Nd4 Bxa3 22. Ra1 Be7 23. f4 g6 24. Bd3 h5 25. g4 hxg4 26. Qxg4 Nd7 27. Bxg6 Rg8 28. f5 Nxe5 29. Bxf7+ Nxf7 30. Qxg8+ Kd7 31. Qxf7 e5 32. Ne6 Qh8 33. f6 Qe8 34. Qxe8+ Kxe8 35. Nxc7+ Kf7 36. fxe7+ Kxe7 37. Nxd5+ cxd5 38. Ra6 d4 39. Rb1 dxe3 40. Rb7+ Kd8 41. Rh6 Kc8 42. Rg7 1-0


[Site "https://www.chess.com"]

[Event "Titled Tuesday Blitz July 18 Early 2023"]
[White "Rangel, Daniel"]
[Black "Panesar Vedant"]
[WhiteFideId "2124475"]
[BlackFideId "35033018"]
[WhiteElo "2540"]
[BlackElo "2731"]
[Result "1/2-1/2"]
[Round "5"]
[TimeControl "180+2"]
[Date "2023.07.18"]
[WhiteClock "0:00:07"]
[BlackClock "0:00:05"]
[Board "49"]

1. c4 e6 2. g3 d5 3. Bg2 Nf6 4. Nf3 Be7 5. O-O O-O 6. b3 c5 7. cxd5 Nxd5 8. Bb2 Nc6 9. Nc3 Bf6 10. Qb1 Nxc3 11. Bxc3 Bd7 12. e3 Bxc3 13. dxc3 Qf6 14. Qc2 Rfd8 15. Rad1 Be8 16. Nd2 Qe7 17. Nc4 h6 18. a4 b6 19. h4 Rac8 20. Be4 f5 21. Bf3 Qc7 22. Kg2 Bf7 23. Rxd8+ Rxd8 24. Rd1 Kf8 25. Bxc6 Qxc6+ 26. Kg1 Rd5 27. Rxd5 exd5 28. Ne5 Qe6 29. f4 Bh5 30. Qd2 Ke7 31. Qd3 a5 32. Qa6 Be8 33. Qb7+ Kf8 34. Kf2 Kg8 35. Qc7 Kh7 36. Qd8 Bh5 37. Qf8 Qe8 38. Qd6 c4 39. bxc4 dxc4 40. Qxb6 Qxa4 41. Qd4 Qc2+ 42. Kg1 Qc1+ 43. Kf2 Qc2+ 44. Kg1 Qc1+ 45. Kf2 Qc2+ 1/2-1/2


[Site "https://www.chess.com"]

[Event "Titled Tuesday Blitz July 18 Early 2023"]
[White "Bilan, Danila"]
[Black "Fiorito, Joaquin"]
[WhiteFideId "24161918"]
[BlackFideId "180173"]
[WhiteElo "2534"]
[BlackElo "2728"]
[Result "1/2-1/2"]
[Round "5"]
[TimeControl "180+2"]
[Date "2023.07.18"]
[WhiteClock "0:00:08"]
[BlackClock "0:00:08"]
[Board "50"]

1. d4 Nf6 2. Nf3 d5 3. c4 c6 4. Nc3 e6 5. Bg5 Be7 6. e3 Nbd7 7. cxd5 Nxd5 8. Bxe7 Qxe7 9. Bd3 O-O 10. O-O Nxc3 11. bxc3 b6 12. Qc2 g6 13. a4 Bb7 14. a5 c5 15. Be4 Bxe4 16. Qxe4 b5 17. a6 Rab8 18. Rfb1 Rfc8 19. h3 c4 20. Nd2 Nf6 21. Qh4 Nd5 22. Qxe7 Nxe7 23. Ne4 Rb6 24. Ra5 f5 25. Nc5 Nd5 26. Raxb5 Rxb5 27. Rxb5 Nxc3 28. Rb2 e5 29. Rc2 exd4 30. exd4 Nb5 31. Rxc4 Rc6 32. Rb4 Nc7 33. Rb7 Nxa6 34. Rxa7 Nxc5 35. dxc5 Rxc5 36. g3 Rc4 37. Kg2 f4 38. gxf4 Rxf4 39. Kg3 Rf7 40. Ra8+ Kg7 41. Ra5 Kh6 42. f4 Rd7 43. Rb5 Rd3+ 44. Kg4 Rd4 45. Rc5 Kg7 46. Rc7+ Kh6 47. Rc5 Rd1 48. Kf3 Rf1+ 49. Kg2 Rxf4 50. Kg3 Rf5 51. Rc7 Ra5 52. Rc8 Ra3+ 53. Kg2 Kh5 54. Rc7 h6 55. Rc2 g5 56. Rd2 Re3 57. Rc2 Re4 58. Rd2 Kh4 59. Rc2 Rb4 60. Rd2 Kh5 61. Re2 Kg6 62. Rd2 Rf4 63. Rc2 Rf5 64. Rd2 Re5 65. Rc2 Kf5 66. Rf2+ Ke6 67. Ra2 Rd5 68. Ra6+ Rd6 69. Ra2 Kf5 70. Rf2+ Kg6 71. Re2 Kh5 72. Rb2 Kh4 73. Rb4+ Kh5 74. Rb2 Rd4 75. Re2 Kh4 76. Rc2 Rd3 77. Rc4+ Kh5 78. Rc2 Kg6 79. Re2 Kf5 80. Rc2 Rd5 81. Rf2+ Ke5 82. Re2+ Kd4 83. Re6 h5 84. Re7 Re5 85. Rh7 h4 86. Rf7 Ke4 87. Rf8 Rf5 88. Re8+ Kf4 89. Re2 Rb5 90. Rf2+ Ke4 91. Re2+ Kf4 92. Rf2+ Ke3 93. Rc2 Rd5 94. Rc3+ Ke4 95. Rc2 Rd4 96. Re2+ Kd3 97. Re5 g4 98. hxg4 Rxg4+ 99. Kh3 Rd4 100. Rh5 Ke3 101. Rxh4 Rd1 102. Kg2 Rd2+ 103. Kg1 Kf3 104. Rh3+ Kg4 105. Rc3 Rd4 106. Rb3 Kf4 107. Rc3 Ke4 108. Rb3 Rd3 109. Rxd3 Kxd3 1/2-1/2


[Site "https://www.chess.com"]

[Event "Titled Tuesday Blitz July 18 Early 2023"]
[White "Leiva, Gianmarco"]
[Black "FoxOnTheRun97"]
[WhiteFideId "3804399"]
[WhiteElo "2721"]
[BlackElo "2534"]
[Result "1-0"]
[Round "5"]
[TimeControl "180+2"]
[Date "2023.07.18"]
[WhiteClock "0:00:20"]
[BlackClock "0:00:09"]
[Board "51"]

1. e4 c6 2. d4 d5 3. exd5 cxd5 4. Bd3 Nc6 5. c3 Nf6 6. h3 g6 7. Nf3 Bf5 8. Be2 h5 9. Bf4 Bg7 10. Qb3 Qc8 11. O-O O-O 12. Nbd2 Rd8 13. Ne5 Ne4 14. Ndf3 f6 15. Nd3 g5 16. Be3 g4 17. hxg4 hxg4 18. Nd2 g3 19. Nxe4 Bxe4 20. fxg3 Na5 21. Qd1 Nc4 22. Bc1 b6 23. Nf4 e5 24. Nh5 Rf8 25. b3 Nd6 26. Ba3 Qd8 27. Bf3 Rf7 28. dxe5 fxe5 29. Bxd6 Qxd6 30. Bxe4 Qc5+ 31. Kh2 dxe4 32. Rxf7 Kxf7 33. Qd7+ Kg6 34. Qxg7+ Kxh5 35. g4+ Kh4 36. g3# 1-0


[Site "https://www.chess.com"]

[Event "Titled Tuesday Blitz July 18 Early 2023"]
[White "Amilal Munkhdalai"]
[Black "Sathish, Pranav"]
[WhiteFideId "4903250"]
[BlackFideId "30967538"]
[WhiteElo "2718"]
[BlackElo "2472"]
[Result "1-0"]
[Round "5"]
[TimeControl "180+2"]
[Date "2023.07.18"]
[WhiteClock "0:00:15"]
[BlackClock "0:00:17"]
[Board "52"]

1. e4 e5 2. Nf3 Nc6 3. Bb5 Nf6 4. d3 Bc5 5. O-O Nd4 6. Nxd4 Bxd4 7. c3 Bb6 8. Nd2 c6 9. Ba4 Bc7 10. Re1 h6 11. d4 d6 12. h3 O-O 13. Bb3 a5 14. a4 Qe7 15. Nf1 Be6 16. Ng3 Kh7 17. f4 exf4 18. Bxf4 d5 19. Bxc7 Qxc7 20. e5 Nd7 21. Bc2+ g6 22. Nh5 Qd8 23. Nf4 Qg5 24. Rf1 Rae8 25. Qf3 Kg7 26. Rae1 h5 27. Qf2 c5 28. Re3 cxd4 29. cxd4 Kh8 30. Rg3 Qh6 31. Qe3 g5 32. Nxe6 fxe6 33. Rxf8+ Rxf8 34. Qxg5 Qxg5 35. Rxg5 Rc8 36. Rxh5+ Kg8 37. Bd3 Rc1+ 38. Kf2 Nf8 39. g4 Rd1 40. Ke2 Rg1 41. g5 Rg2+ 42. Ke3 Rxb2 43. h4 Kg7 44. Rh6 Rg2 45. Rf6 Rg4 46. Rf4 Rg3+ 47. Ke2 b6 48. Bc2 Rg2+ 49. Kd1 Rg1+ 50. Kd2 Rg2+ 51. Kc3 Rg3+ 52. Kb2 Rg2 53. Kb3 Rg3+ 54. Kb2 Rg2 55. h5 Rxg5 56. h6+ Kg8 57. Rf6 Rg2 58. Kc3 Rg3+ 59. Bd3 Rh3 60. h7+ Nxh7 61. Rxe6 Ng5 62. Rg6+ 1-0


[Site "https://www.chess.com"]

[Event "Titled Tuesday Blitz July 18 Early 2023"]
[White "Matinian, Nikita"]
[Black "Herman, Daniel"]
[WhiteFideId "24129100"]
[BlackFideId "30935008"]
[WhiteElo "2712"]
[BlackElo "2447"]
[Result "1-0"]
[Round "5"]
[TimeControl "180+2"]
[Date "2023.07.18"]
[WhiteClock "0:00:39"]
[BlackClock "0:00:06"]
[Board "53"]

1. e4 Nf6 2. e5 Nd5 3. d4 d6 4. Nf3 dxe5 5. Nxe5 Bf5 6. Bc4 e6 7. O-O Nd7 8. Qe2 Nxe5 9. dxe5 Nb6 10. Rd1 Qc8 11. Bb3 Be7 12. a4 a5 13. Na3 O-O 14. Nb5 Rd8 15. c3 Nd5 16. h3 h6 17. g4 Bg6 18. f4 c6 19. Nd6 Qb8 20. c4 Nb4 21. c5 b6 22. f5 Bxd6 23. cxd6 exf5 24. gxf5 Bxf5 25. Qh5 Be6 26. Bxe6 fxe6 27. Bxh6 Ra7 28. Ra3 gxh6 29. Rg3+ Rg7 30. Rxg7+ Kxg7 31. Rd4 Rg8 32. Rg4+ Kh7 33. Qf7+ Kh8 34. Rxg8+ Qxg8+ 35. Qxg8+ Kxg8 36. d7 1-0


[Site "https://www.chess.com"]

[Event "Titled Tuesday Blitz July 18 Early 2023"]
[White "Basso, Pier Luigi"]
[Black "Gabdushev, Ruslan"]
[WhiteFideId "866970"]
[BlackFideId "4137833"]
[WhiteElo "2705"]
[BlackElo "2434"]
[Result "1-0"]
[Round "5"]
[TimeControl "180+2"]
[Date "2023.07.18"]
[WhiteClock "0:01:03"]
[BlackClock "0:00:00"]
[Board "54"]

1. d4 Nc6 2. c4 e5 3. d5 Nce7 4. h4 Nf6 5. Nc3 d6 6. e4 g6 7. Be2 h6 8. h5 g5 9. g4 c6 10. Be3 Qa5 11. Kf1 c5 12. Kg2 Bd7 13. f3 a6 14. a4 Nc8 15. Bd3 Be7 16. Nge2 Kf8 17. Qd2 Ne8 18. Rhb1 Kg7 19. Ng3 Qc7 20. a5 Bd8 21. b4 b6 22. Qf2 Be7 23. Rb2 bxa5 24. bxc5 dxc5 25. Rab1 Ra7 26. Bc2 Kf6 27. Ba4 Ncd6 28. Bxd7 Qxd7 29. Bxc5 Rc7 30. Rb6 Kg7 31. Bxd6 Nxd6 32. Rxd6 Bxd6 33. Nf5+ Kf6 34. Rb6 Rxc4 35. Ne2 Rc2 36. Rxd6+ Qxd6 37. Nxd6 Rb8 38. Qa7 1-0


[Site "https://www.chess.com"]